 Dungeon Crawl Stone Soup version 0.28.0-53-g5a82cb258f (webtiles) character file.

Game seed: 3418001233565089309

141 Gabide the Ruffian (level 5, -2/42 (46) HPs)
             Began as a Palentonga Monk on July 19, 2022.
             Slain by a gnoll
             ... wielding a +2 flail of draining
              (5 damage)
             ... on level 4 of the Dungeon.
             The game lasted 00:06:27 (3137 turns).

Gabide the Ruffian (Palentonga Monk)                Turns: 3137, Time: 00:06:27

HP:   -2/42 (46)    AC:  7    Str: 16    XL:     5   Next: 3%
MP:   5/5           EV:  9    Int: 11    God:
Gold: 175           SH:  0    Dex: 12    Spells: 4/4 levels left

rFire   + . .      SeeInvis +     - Unarmed
rCold   + . .      Faith    .   (no shield)
rNeg    + . .      Spirit   .   e - +0 ring mail
rPois   +          Reflect  .   (no helmet)
rElec   +          Harm     .   j - +0 cloak
rCorr   +          Rampage  .   f - +0 pair of gloves
Will    .....                   (no barding)
Stlth   +.........              (no amulet)
HPRegen 0.14/turn               l - ring of positive energy
MPRegen 0.09/turn               (no ring)

@: about to teleport, resistant, drained
A: large, rugged brown scales 3, see invisible, deformed body, roll 1, armoured
tail
a: Rolling Charge


You were on level 4 of the Dungeon.
You visited 1 branch of the dungeon, and saw 4 of its levels.

You collected 175 gold pieces.

Inventory:

Armour
 c - a +0 robe
 e - a +0 ring mail (worn)
 f - a +0 pair of gloves (worn)
 j - a +0 cloak (worn)
Jewellery
 l - a ring of positive energy (left hand)
Scrolls
 a - a scroll of acquirement {unknown}
 d - a scroll of fog {unknown}
 h - a scroll of identify
 k - a scroll of amnesia {unknown}
Potions
 b - a potion of cancellation
 m - 2 potions of degeneration


   Skills:
 * Level 4.5 Fighting
 - Level 2.5 Dodging
 - Level 1.2 Stealth
 * Level 4.5 Unarmed Combat


You had 4 spell levels left.
You didn't know any spells.
Your spell library contained the following spells:

 Spells                   Type           Power      Damage    Failure   Level
 Beastly Appendage        Tmut           0%         N/A       56%         1
 Wereblood                Tmut           0%         N/A       71%         2
 Spider Form              Tmut/Pois      0%         N/A       90%         3


Dungeon Overview and Level Annotations

Branches:
Dungeon (4/15)
 Temple: D:4-7

Altars:

Annotations:
D:4 1 runed translucent door, jaiteiro's ghost, amateur OpTm


Innate Abilities, Weirdness & Mutations

You are completely covered in rugged brown scales. (AC +3, +7% HP)
You have supernaturally acute eyesight. (SInv)
Armour fits poorly on your strangely shaped body.
You can roll at nearby foes to attack.
You have a long armoured tail.


Message History

Aim: a gnoll, wielding a +0 whip You roll forward with a clatter of scales!
You barely miss the gnoll. The gnoll hits you but does no damage.
A gnoll comes into view. It is wielding a +2 flail of draining.
Press: ? - help, v - describe, . - travel
Here: a gnoll, wielding a +2 flail of draining The floor.
Unknown command.
It was a potion of resistance.
You feel protected. The gnoll misses you.
You barely miss the gnoll. The gnoll hits you with a +0 whip.
You hit the gnoll but do no damage. Your punch misses the gnoll.
The gnoll hits you with a +2 flail of draining!
You partially resist.
You feel drained.
You closely miss the gnoll. The gnoll barely misses you.
You hit the gnoll. You tail-slap the gnoll!
You kill the gnoll!
You have reached level 5!
You hit the gnoll.
The gnoll is moderately wounded.
You hit the gnoll.
The gnoll is heavily wounded.
The gnoll hits you with a +2 flail of draining.
You partially resist.
You feel drained.
You barely miss the gnoll.
The gnoll is heavily wounded.
The gnoll hits you with a +2 flail of draining.
You partially resist.
You feel drained.
You closely miss the gnoll.
The gnoll is heavily wounded.
The gnoll hits you with a +2 flail of draining!
* * * LOW HITPOINT WARNING * * *
You partially resist.
You feel drained.
* * * LOW HITPOINT WARNING * * *
As you read the scroll of teleportation, it crumbles to dust.
You feel strangely unstable.
The gnoll hits you with a +2 flail of draining.
You die...

....#.....#
....g....######
#.....)....#.#
##.#.........#
#....(......#
###........##
#....##.##
#.#.###.#####.#
#....@g.......#
#...###.#######
#### #...#####
#........
#...####. #####


You could see a gnoll.

Vanquished Creatures
  A gnoll shaman (D:4)
  A gnoll (D:4)
  3 adders (D:2)
  A worm (D:4)
  A dart slug (D:1)
  5 orcs (D:4)
  4 endoplasms
  2 giant cockroaches
  3 goblins
  7 hobgoblins
  8 jackals (D:1)
  4 quokkas
  7 ball pythons
  3 bats
  4 frilled lizards (D:1)
  2 kobolds (D:2)
  7 rats
63 creatures vanquished.

Vanquished Creatures (others)
  2 withered plants (D:4)
2 creatures vanquished.

Grand Total: 65 creatures vanquished

Notes
Turn   | Place    | Note
-------+----------+-------------------------------------------
     0 | D:1      | Gabide the Palentonga Monk began the quest for the Orb.
     0 | D:1      | Reached XP level 1. HP: 19/19 MP: 1/1
   128 | D:1      | Reached XP level 2. HP: 17/25 MP: 2/2
   760 | D:1      | Reached XP level 3. HP: 29/31 MP: 3/3
  1742 | D:2      | Reached XP level 4. HP: 39/39 MP: 4/4
  2434 | D:2      | Found a faded altar of an unknown god.
  3037 | D:4      | Found a runed translucent door.
  3038 | D:4      | Noticed jaiteiro's ghost (amateur OpTm)
  3057 | D:4      | Noticed a scorpion
  3133 | D:4      | Reached XP level 5. HP: 18/45 MP: 5/5
  3137 | D:4      | Slain by a gnoll

Illustrated notes

Levels and vault maps discovered:
D:1:      nagdon_arrival_double_spiral, layout_basic, st_stairs_2
D:2:      minmay_door_path, layout_loops_corners,
          ebering_ecumenical_altar_petrified, minmay_stone_trees_small
D:3:      layout_rooms, nrook_uturn
D:4:      layout_loops_ring, gammafunk_ghost_grave, serial_rivers,
          chequers_serial_rivers_micro_e, chequers_serial_rivers_micro_b,
          chequers_serial_rivers_micro_b, chequers_serial_rivers_micro_a,
          chequers_serial_rivers_room_a, chequers_serial_rivers_micro_c,
          uniq_blork_the_orc, uniq_menkaure

Skill      XL: |  1  2  3 |
---------------+----------+-----
Fighting       | 4 |  4.5
Unarmed Combat | 4 |  4.5
Dodging        | |  2.5
Stealth        | |  1.2

Action                   |  1- 3 |  4- 6 || total
-------------------------+-------+-------++-------
Melee: Unarmed           |   135 |    73 ||   208
       Tailslap          |    12 |     7 ||    19
       Punch             |     3 |     2 ||     5
 Abil: Rolling Charge    |    20 |    13 ||    33
  Use: Scroll            |       |     4 ||     4
       Potion            |       |     1 ||     1
 Stab: Sleeping          |     1 |       ||     1
Armor: Robe              |    49 |       ||    49
       Scale mail        |    16 |       ||    16
       Ring mail         |     4 |    20 ||    24
Dodge: Dodged            |    74 |    19 ||    93
